 Dungeon Crawl Stone Soup version 0.28-a0-479-g5baa6b73be (webtiles) character file.

Game seed: 4687934759125649049

653 Dabor the Sneak (level 7, -5/34 HPs)
             Began as a Spriggan Enchanter on Sept 19, 2021.
             Was a Priest of Ru.
             Shot with a sling bullet by Joseph (21 damage)
             ... on level 7 of the Dungeon.
             The game lasted 00:15:22 (5330 turns).

Dabor the Sneak (Spriggan Enchanter)                Turns: 5330, Time: 00:15:23

Health: -5/34      AC:  4    Str:  5    XL:     7   Next: 29%
Magic:  14/14      EV: 18    Int: 20    God:    Ru [***...]
Gold:   131        SH: 11    Dex: 16    Spells: 8/14 levels left

rFire   . . .      SeeInvis +   x - +5 rapier (flame)
rCold   . . .      Faith    .   s - +0 buckler
rNeg    . . .      Spirit   .   B - +1 robe of Classification {rCorr Int+3}
rPois   +          Reflect  +   (helmet restricted)
rElec   .          Harm     .   C - +0 cloak
rCorr   +          Rampage  .   (gloves unavailable)
Will    +....                   (boots unavailable)
Stlth   ++++......              o - amulet of reflection
HPRegen 0.11/turn               z - ring of poison resistance
MPRegen 0.14/turn               (no ring)

@: unable to drink, very quick
A: no potions, very small, no large weapons, unfitting armour, see invisible,
speed 3, inability to drink while threatened, inability to use devices
a: Renounce Religion, Draw Out Power


You were on level 7 of the Dungeon.
You worshipped Ru.
Ru was most pleased with you.
You visited 1 branch of the dungeon, and saw 6 of its levels.

You collected 276 gold pieces.
You spent 145 gold pieces at shops.

Inventory:

Hand Weapons
 a - a +1 dagger
 l - a +1 short sword of draining
 x - a +5 rapier of flaming (weapon)
Missiles
 j - 251 stones (quivered)
 y - 2 poisoned darts
Armour
 b - a +0 robe
 s - a +0 buckler (worn)
 B - the +1 robe of Classification (worn) {rCorr Int+3}
   (You found it on level 5 of the Dungeon)

   Int:       It affects your intelligence (+3).
   rCorr:     It protects you from acid and corrosion.
 C - a +0 cloak (worn)
Jewellery
 o - an amulet of reflection (around neck)
 w - an amulet of regeneration
 z - a ring of poison resistance (left hand)
Scrolls
 e - 2 scrolls of fear
 k - a scroll of magic mapping
 m - a scroll of teleportation
 u - 2 scrolls of immolation
Potions
 c - a potion of invisibility
 g - a potion of lignification
 h - a potion of mutation
 i - 3 potions of haste
 n - 2 potions of curing
 p - a potion of berserk rage
 q - a potion of heal wounds
 r - 2 potions of attraction
 A - a potion of degeneration


   Skills:
 + Level 1.8 Fighting
 * Level 3.9 Short Blades
 * Level 5.2 Dodging
 * Level 7.3 Stealth
 + Level 1.2 Shields
 + Level 4.1 Spellcasting
 + Level 4.7 Hexes


You had 8 spell levels left.
You knew the following spells:

 Your Spells              Type           Power      Damage    Failure   Level
a - Tukima's Dance        Hex            22%        N/A       9%          3
b - Dazzling Flash        Conj/Hex       26%        N/A       22%         3

Your spell library contained the following spells:

 Spells                   Type           Power      Damage    Failure   Level
 Confusing Touch          Hex            22%        N/A       9%          3
 Ensorcelled Hibernation  Hex/Ice        26%        N/A       11%         2
 Malign Gateway           Summ/Tloc      2%         N/A       100%        7
 Summon Horrible Things   Summ           2%         N/A       100%        8


Dungeon Overview and Level Annotations

Branches:
Dungeon (5/15)
 Temple: D:4-7

Altars:
Ru
Vehumet

Shops:
D:3 (!=*

Annotations:
D:3 3 runed translucent doors, MacCMillion's ghost, amateur GrEE; ZeuX's ghost, weakling SpWr
D:7 Joseph


Innate Abilities, Weirdness & Mutations

You cannot drink.
You are very small and have problems with some larger weapons.
You are too small for most types of armour.
You have supernaturally acute eyesight. (SInv)
You cover ground extremely quickly. (Speed+++)
You sometimes lose the ability to drink potions when taking damage.
You cannot study or use magical devices.


Message History

You see here a +0 dagger.
There is an open door here.
There is an open door here.
You open the door.
There is an open door here.
Found a stone staircase leading down.
You fall into a shaft and drop 2 floors!
The shaft crumbles and collapses.
Found 6 boomerangs.
Joseph, a Mercenary comes into view.
He is wielding a +0 quarterstaff.
Found a stone staircase leading up.
Joseph shouts!
Joseph unwields a +0 quarterstaff.
Joseph wields a +0 hunting sling.
Joseph shoots a sling bullet.
The sling bullet barely misses you.
Joseph shoots a sling bullet.
The sling bullet closely misses you.
Okay, then.
You start removing your amulet.
You continue taking off your amulet of regeneration. x4
You finish taking off your amulet of regeneration.
You start putting on your amulet.
You continue putting on your amulet of reflection.
Joseph sighs, "Being a guard is usually so boring..."
Joseph shoots a sling bullet.
Keep equipping yourself?
The sling bullet hits you!
You continue putting on your amulet of reflection.
Joseph shoots a sling bullet.
You block the sling bullet.
You continue putting on your amulet of reflection.
Joseph shoots a sling bullet.
The sling bullet completely misses you.
You continue putting on your amulet of reflection.
Joseph shoots a sling bullet.
The sling bullet hits you!
You feel threatened and lose the ability to drink potions!
You continue putting on your amulet of reflection.
Joseph shoots a sling bullet.
You block the sling bullet.
You finish putting on your amulet of reflection.
You feel a shielding aura gather around you.
o - an amulet of reflection (around neck) Joseph shoots a sling bullet.
The sling bullet hits you!!
Ouch! That really hurt!
You die...

#...............##
#.................
#....###........#
#.... #........#
#.... #........#
#....###@.......#
#.<..+.....####.#
###....#.######
.......@........
.....(.......###
########........
#####.##. ..# .# .


You could see Joseph.

Vanquished Creatures
  An ogre (D:4)
  A scorpion (D:3)
  A water moccasin zombie (D:5)
  Dowan (D:4)
  2 orc priests
  A hound (D:5)
  3 orc wizards
  Ijyb (D:5)
  3 adders (D:3)
  2 worms
  4 dart slugs
  16 orcs
  2 bats (D:1)
  4 endoplasms
  2 giant cockroaches
  5 goblins
  4 hobgoblins
  9 jackals
  5 kobolds
  3 quokkas
  7 ball pythons
  2 frilled lizards
  2 rats (D:2)
81 creatures vanquished.

Vanquished Creatures (collateral kills)
  Duvessa (D:4)
  An orc (D:2)
  A kobold (D:4)
3 creatures vanquished.

Vanquished Creatures (others)
  2 dancing weapons (D:5)
  A hound skeleton (D:4)
  An orc (D:4)
4 creatures vanquished.

Grand Total: 88 creatures vanquished

Notes
Turn   | Place    | Note
-------+----------+-------------------------------------------
     0 | D:1      | Dabor the Spriggan Enchanter began the quest for the Orb.
     0 | D:1      | Reached XP level 1. HP: 9/9 MP: 5/5
   245 | D:1      | Found a faded altar of an unknown god.
   291 | D:1      | Reached XP level 2. HP: 13/13 MP: 6/6
   302 | D:1      | Became a worshipper of Ru the Awakened
   447 | D:1      | Gained mutation: You cannot study or use magical devices.
                  | [Ru sacrifice]
   447 | D:1      | Reached * piety under Ru
   447 | D:1      | Reached ** piety under Ru
  1360 | D:2      | Reached XP level 3. HP: 17/17 MP: 8/8
  1387 | D:2      | Reached skill level 5 in Stealth
  1560 | D:2      | Learned a level 3 spell: Tukima's Dance
  1831 | D:2      | Reached XP level 4. HP: 13/21 MP: 7/9
  2611 | D:3      | Reached skill level 1 in Fighting
  2623 | D:3      | Found Hyny's Distillery.
  2640 | D:3      | Bought a potion of curing for 33 gold pieces
  2640 | D:3      | Bought a potion of heal wounds for 55 gold pieces
  2828 | D:3      | Found Wiusim's Weapon Shoppe.
  2936 | D:3      | Noticed a scorpion
  2945 | D:3      | Killed a scorpion
  2946 | D:3      | Reached skill level 6 in Stealth
  2946 | D:3      | Reached XP level 5. HP: 25/25 MP: 11/11
  2995 | D:3      | Found Etzotted's Jewellery Emporium.
  3117 | D:3      | Found a runed translucent gate.
  3117 | D:3      | Found a runed translucent gate.
  3118 | D:3      | Found a runed translucent gate.
  3119 | D:3      | Noticed MacCMillion's ghost (amateur GrEE)
  3120 | D:3      | Noticed ZeuX's ghost (weakling SpWr)
  3314 | D:3      | Found Bayg's Assorted Antiques.
  3322 | D:3      | Bought a scroll labelled WER NUNNIUDGH for 19 gold pieces
  3322 | D:3      | Bought a scroll labelled ZUFOSUIKEB for 19 gold pieces
  3322 | D:3      | Bought a scroll labelled ZEM GIMUXKO for 19 gold pieces
  3699 | D:4      | Noticed Duvessa
  3733 | D:4      | Killed Duvessa
  3734 | D:4      | Reached XP level 6. HP: 24/30 MP: 2/12
  3764 | D:4      | Noticed Dowan
  3834 | D:4      | Killed Dowan
  3995 | D:4      | Found a radiant altar of Vehumet.
  4183 | D:4      | Reached skill level 1 in Shields
  4632 | D:5      | Entered Level 5 of the Dungeon
  4640 | D:5      | Gained mutation: You sometimes lose the ability to drink
                  | potions when taking damage. [Ru sacrifice]
  4640 | D:5      | Reached *** piety under Ru
  4742 | D:5      | Reached skill level 5 in Dodging
  4742 | D:5      | Reached skill level 7 in Stealth
  4742 | D:5      | Reached XP level 7. HP: 34/34 MP: 3/14
  4830 | D:5      | Learned a level 3 spell: Dazzling Flash
  4876 | D:5      | Identified the +1 robe of Classification {rCorr Int+3}
  4940 | D:5      | Noticed Ijyb
  4953 | D:5      | Killed Ijyb
  5303 | D:5      | You fall into a shaft and drop 2 floors!
  5307 | D:7      | Noticed Joseph
  5330 | D:7      | Shot with a sling bullet by Joseph

Illustrated notes

Levels and vault maps discovered:
D:1:      dpeg_arrival_circle_labyrinth_c, layout_basic,
          shapermc_ecumenical_altar_totnotflames, minmay_curled_crystal,
          hangedman_decor_opposing, wad_floor_pattern_untrapped, st_stairs_10
D:2:      layout_loops_ring
D:3:      layout_loops_corners, serial_shops, nicolae_shop_waterfront,
          nicolae_shop_waterfront, nicolae_shop_statue_plus, nicolae_shop_stone,
          gammafunk_ghost_cemetery, minmay_distorted
D:4:      layout_cave_pods, fiery_altar_vehumet, chequers_avenue, uniq_duvessa
D:5:      layout_basic, uniq_menkaure, uniq_grinder, uniq_ijyb
D:7:      layout_basic, chequers_guarded_unrand_ignorance, uniq_joseph,
          uniq_pikel

Skill      XL: |  1  2  3  4  5  6 |
---------------+-------------------+-----
Dodging        | 3 4 5 |  5.2
Stealth        | 5 6 7 |  7.3
Spellcasting   | 3 4 |  4.1
Short Blades   | 2 3 |  3.9
Hexes          | 4 |  4.7
Fighting       | 1 |  1.8
Shields        | 1 |  1.2

Action                   |  1- 3 |  4- 6 |  7- 9 || total
-------------------------+-------+-------+-------++-------
Melee: Dagger            |    54 |       |       ||    54
       Short sword       |    58 |    53 |       ||   111
       Rapier            |       |    76 |    22 ||    98
Throw: Stone             |     8 |    31 |       ||    39
 Cast: Tukima's Dance    |     2 |     8 |     2 ||    12
Invok: Sacrifice Artific |     1 |       |       ||     1
       Sacrifice Drink   |       |     1 |       ||     1
  Use: Scroll            |       |     6 |     8 ||    14
 Stab: Sleeping          |     9 |     7 |       ||    16
       Distracted        |     1 |     1 |     1 ||     3
       Invisible         |     1 |       |       ||     1
Armor: Robe              |     9 |     5 |     2 ||    16
Dodge: Dodged            |    69 |    74 |     9 ||   152
Block: Buckler           |       |    25 |     5 ||    30
       Other             |       |     2 |       ||     2
       Reflection        |       |     6 |       ||     6

Table legend: (Time is in decaauts)
 A = Elapsed time spent in this place.
 B = Non-inter-level travel time spent in this place.
 C = Inter-level travel time spent in this place.
 D = Time resting spent in this place.
 E = Time spent auto-exploring this place.
 F = Levels seen in this place.
 G = Mean time per level.
                   A        B        C        D        E       F      G
               +--------+--------+--------+--------+--------+-----+--------+
         Total |   3823 |   3715 |    108 |    330 |   2526 |   6 |  637.2 |
       Dungeon |   3823 |   3715 |    108 |    330 |   2526 |   6 |  637.2 |
               +--------+--------+--------+--------+--------+-----+--------+

Top non-repeatable levels by time:
     D:2: 948 daAuts
     D:1: 860 daAuts
     D:3: 785 daAuts
     D:4: 712 daAuts
     D:5: 496 daAuts
     D:7: 20 daAuts
